 Dungeon Crawl Stone Soup version 0.18.1-50-g88ac8fd (webtiles) character file.

14126 magog001 the Blocker (level 11, -1/101 HPs)
             Began as a Minotaur Fighter on Dec 3, 2016.
             Succumbed to a black mamba's poison
             ... on level 3 of the Lair of Beasts.
             The game lasted 01:19:02 (12957 turns).

magog001 the Blocker (Minotaur Fighter)            Turns: 12957, Time: 01:19:02

Health: -1/101     AC: 21    Str: 24    XL:     11   Next: 84%
Magic:  10/10      EV:  8    Int: 10    God:
Gold:   260        SH: 16    Dex: 10    Spells: 0 memorised, 10 levels left

rFire  . . .     SeeInvis .     b - +3 hand axe "Foenko" {pain, *Noise rElec rC- MR+++}
rCold  x . .     Gourm    .     e - +0 plate armour
rNeg   . . .     Faith    .     c - +3 shield
rPois  .         Spirit   .     (helmet restricted)
rElec  +         Dismiss  .     r - +2 cloak
rCorr  .         Reflect  .     G - +2 pair of gloves
SustAt .         Harm     .     (no boots)
MR     +++++                    (no amulet)
Stlth  ..........               p - ring of protection from magic
                                (no ring)

@: brilliant, lethally poisoned (-1 -> -23), studying Fighting, almost entirely
resistant to hostile enchantments, extremely unstealthy
A: retaliatory headbutt, horns 2, camouflage 1, magic resistance 1, no device
heal 1
a: no special abilities


You were on level 3 of the Lair of Beasts.
You were not hungry.

You visited 2 branches of the dungeon, and saw 11 of its levels.

You collected 512 gold pieces.
You spent 252 gold pieces at shops.

Inventory:

Hand Weapons
 b - the +3 hand axe "Foenko" (weapon) {pain, *Noise rElec rC- MR+++}
   (You found it on level 7 of the Dungeon)

   In the hands of one skilled in necromantic magic, it inflicts extra damage on
   living creatures.
   It makes you vulnerable to cold.
   It insulates you from electricity.
   It affects your resistance to hostile enchantments.
   It may make noises in combat.
 z - a +1 blowgun
Missiles
 y - 57 poisoned needles
 F - 2 poisoned tomahawks (quivered)
Armour
 c - a +3 shield (worn)
 e - a +0 plate armour (worn)
 r - a +2 cloak (worn)
 G - a +2 pair of gloves (worn)
Jewellery
 o - an uncursed ring of poison resistance {unknown}
 p - a ring of protection from magic (right hand)
 t - an uncursed ring of protection from fire
 E - an uncursed ring of ice
 R - a cursed -5 ring of protection {unknown}
Wands
 i - a wand of polymorph (3/24)
 l - a wand of lightning (4/15)
 s - a wand of iceblast (13/15)
 v - a wand of random effects (29/48)
 H - a wand of enslavement (11/24)
 I - a wand of lightning (0/15)
 J - a wand of polymorph (0/24)
 P - a wand of flame (15/48)
 S - a wand of lightning (9/15)
Scrolls
 h - 5 scrolls of teleportation
 w - 5 scrolls of remove curse
 D - 2 scrolls of immolation
 M - a scroll of blinking
Potions
 m - a potion of lignification
 q - a potion of haste
 B - a potion of invisibility
 Q - a potion of agility
Books
 N - a manual of Fighting
Miscellaneous
 d - a plain deck of defence
 K - a plain deck of wonders
Comestibles
 a - a chunk of flesh
 f - 4 bread rations
 k - 5 beef jerkies
 n - 5 meat rations
 u - 8 fruits
 x - a slice of pizza


   Skills:
 * Level 10.5 Fighting
 + Level 9.6 Axes
   Level 1.9(4.6) Slings
 * Level 6.1(6.2) Throwing
 * Level 10.7 Armour
 + Level 3.4 Dodging
 + Level 0.1 Stealth
 * Level 13.2 Shields
 + Level 0.8 Evocations


You had 10 spell levels left.
You didn't know any spells.

Dungeon Overview and Level Annotations

Branches:
Dungeon (8/15)             Temple (0/1) D:5            Lair (3/8) D:8
  Snake (0/4) Lair:3
  Swamp: Lair:3-6    Shoals: Lair:3-6

Altars:
Kikubaaqudgha

Shops:
D:7 ?


Innate Abilities, Weirdness & Mutations

You reflexively headbutt those who attack you in melee.
You have a pair of horns on your head.
Your skin changes colour to match your surroundings (Stealth).
You are resistant to hostile enchantments.
Potions and wands are less effective at restoring your health.


Message History

Your +2 cloak unmelds from your body.
Your +2 pair of gloves unmelds from your body.
Your +0 plate armour unmelds from your body.
* * * LOW HITPOINT WARNING * * *
You feel very sick.
* * * LOW HITPOINT WARNING * * *
You feel very sick.
You slash the plant! You headbutt the plant.
The plant is moderately damaged.
You hit the plant but do no damage.
The plant is heavily damaged.
* * * LOW HITPOINT WARNING * * *
You feel sick.
A black mamba comes into view.
* * * LOW HITPOINT WARNING * * *
You feel very sick.
* * * LOW HITPOINT WARNING * * *
You feel sick.
You miss the black mamba. Your headbutt misses the black mamba.
You die...

#.. .....).P .. ..# ..
##. ........ ... ..## ...
###.. ....... ...#
....##...###.#.. .#..$#
....# ##...............
#....# ......
#P............... #....#
#....##........P.....##
....P#
#...S...............##
....##
##...@..............#
.....##
###P............##....#
.##...##..#......P...####
#....##
..##...#..........P.†..#
###..##
..##............###P..##
##..# #####...........
#...## #...
.###...........# ##...#
##.. ##P...###.....#
#..P# #P. ###..## ##...#
#...# ##.


You could see a black mamba.

Vanquished Creatures
  Fannar (Lair:2)
  A naga sharpshooter (Lair:3)
  Pikel (D:7)
  5 black mambas
  2 spiny frogs
  A rime drake (Lair:3)
  6 komodo dragons
  A polar bear (Lair:2)
  18 yaks
  A basilisk (Lair:1)
  2 hippogriffs
  7 water moccasins
  6 porcupines
  An orc warrior (D:5)
  2 sky beasts
  3 phantoms
  A black bear (Lair:1)
  An eye of draining (D:8)
  A slave (D:7)
  2 ogres
  4 wolves
  6 crocodiles
  2 centaurs (D:6)
  A big kobold (D:8)
  5 giant frogs
  An electric eel (Lair:1)
  2 crimson imps (D:8)
  A centaur zombie (D:6)
  A giant frog zombie (D:7)
  2 orc priests (D:5)
  6 hounds (D:4)
  A giant frog skeleton (D:8)
  A centaur skeleton (D:7)
  A jelly (D:6)
  5 orc wizards
  Jessica (D:3)
  9 iguanas
  Natasha (thrice) (D:3)
  5 worker ants
  7 sheep (Lair:1)
  A killer bee zombie (D:5)
  A worker ant zombie (D:5)
  11 adders
  7 gnolls
  25 river rats
  A shadow imp (D:5)
  An ooze (D:4)
  2 adder skeletons
  3 worms
  3 dart slugs
  5 giant geckos
  20 orcs
  4 ball pythons
  7 giant cockroaches
  11 hobgoblins
  3 jackals (D:2)
  7 kobolds
  2 quokkas
  2 bats
  2 giant gecko skeletons
  5 giant newts
  15 goblins
  A quokka skeleton (D:4)
  3 rats
  10 fungi
  A plant (Lair:3)
280 creatures vanquished.

Vanquished Creatures (others)
  A hippogriff (D:7)
  A slave (D:7)
  An orc priest (D:7)
  An orc wizard (D:7)
  An adder (D:7)
  An orc (D:7)
  10 fungi
  5 plants
21 creatures vanquished.

Grand Total: 301 creatures vanquished

Notes
Turn   | Place    | Note
--------------------------------------------------------------
     0 | D:1      | magog001 the Minotaur Fighter began the quest for the Orb.
     0 | D:1      | Reached XP level 1. HP: 19/19 MP: 0/0
   359 | D:1      | Reached XP level 2. HP: 27/27 MP: 1/1
   820 | D:2      | Reached XP level 3. HP: 33/33 MP: 2/2
  1192 | D:2      | Found an ancient bone altar of Kikubaaqudgha.
  1208 | D:2      | Reached skill level 4 in Shields
  1210 | D:2      | Reached skill level 1 in Dodging
  1210 | D:2      | Reached XP level 4. HP: 32/40 MP: 3/3
  1593 | D:3      | Noticed Jessica
  1616 | D:3      | Killed Jessica
  1625 | D:3      | Reached XP level 5. HP: 32/46 MP: 4/4
  2029 | D:3      | Reached skill level 5 in Armour
  2062 | D:3      | Noticed Natasha
  2069 | D:3      | Killed Natasha
  2322 | D:3      | Noticed Natasha
  2337 | D:3      | Killed Natasha
  2565 | D:3      | Noticed Natasha
  2609 | D:3      | Killed Natasha
  2609 | D:3      | Reached XP level 6. HP: 50/53 MP: 5/5
  3076 | D:4      | Noticed a sky beast
  3079 | D:4      | Reached skill level 5 in Shields
  3087 | D:4      | Killed a sky beast
  3087 | D:4      | Reached skill level 5 in Axes
  3101 | D:4      | Reached XP level 7. HP: 52/60 MP: 6/6
  3413 | D:5      | Entered Level 5 of the Dungeon
  3513 | D:4      | Reached skill level 1 in Slings
  3642 | D:5      | Reached skill level 5 in Fighting
  4033 | D:5      | Found a staircase to the Ecumenical Temple.
  4038 | D:5      | Reached skill level 6 in Shields
  4691 | D:5      | Reached XP level 8. HP: 43/68 MP: 7/7
  5237 | D:6      | Reached skill level 1 in Throwing
  5411 | D:6      | Reached skill level 7 in Shields
  5757 | D:7      | Got an encrusted hand axe
  5758 | D:7      | Identified the +3 hand axe "Foenko" {pain, *Noise rElec rC- MR+++} (You found it on level 7 of the Dungeon)
  5761 | D:7      | Found Cohoripp's Magic Scroll Shop.
  5819 | D:7      | Bought a scroll of remove curse for 42 gold pieces
  5819 | D:7      | Bought a scroll of enchant weapon for 105 gold pieces
  5819 | D:7      | Bought a scroll of enchant armour for 105 gold pieces
  6021 | D:7      | Noticed Pikel
  6068 | D:7      | Killed Pikel
  6068 | D:7      | Reached skill level 8 in Shields
  6068 | D:7      | Reached XP level 9. HP: 65/78 MP: 8/8
  7247 | D:8      | Found a staircase to the Lair.
  7572 | D:8      | Reached skill level 9 in Shields
  7928 | Lair:1   | Entered Level 1 of the Lair of Beasts
  8196 | Lair:1   | Noticed a komodo dragon
  8213 | Lair:1   | Killed a komodo dragon
  8460 | Lair:1   | Reached XP level 10. HP: 82/88 MP: 9/9
  8572 | Lair:1   | Noticed a spiny frog
  8586 | Lair:1   | Killed a spiny frog
  8586 | Lair:1   | Reached skill level 10 in Shields
  9514 | Lair:1   | Reached skill level 11 in Shields
  9676 | Lair:1   | Reached skill level 5 in Throwing
  9710 | Lair:1   | Reached skill level 10 in Armour
  9963 | Lair:1   | Reached XP level 11. HP: 92/97 MP: 10/10
 10488 | Lair:2   | Noticed Fannar
 10538 | Lair:2   | Killed Fannar
 10538 | Lair:2   | Reached skill level 12 in Shields
 11656 | Lair:3   | Reached skill level 10 in Fighting
 12257 | Lair:3   | Noticed a naga sharpshooter
 12286 | Lair:3   | Killed a naga sharpshooter
 12763 | Lair:3   | Found a staircase to the Snake Pit.
 12819 | Lair:3   | Reached skill level 13 in Shields
 12950 | Lair:3   | Gained mutation: You are resistant to hostile enchantments. [potion of mutation]
 12950 | Lair:3   | Gained mutation: Your skin changes colour to match your surroundings (Stealth). [potion of mutation]
 12950 | Lair:3   | Gained mutation: Potions and wands are less effective at restoring your health. [potion of mutation]
 12954 | Lair:3   | HP: 5/101 [poisoned by a black mamba]
 12955 | Lair:3   | HP: 2/101 [poisoned by a black mamba]
 12957 | Lair:3   | Succumbed to a black mamba's poison

Skill      XL: |  1  2  3  4  5  6  7  8  9 10 11 |
---------------+----------------------------------+-----
Armour         | 4 5 6 7 9 10 | 10.7
Shields        | 4 5 6 8 9 11 13 | 13.2
Dodging        | 1 2 3 |  3.4
Axes           | 3 4 5 6 7 8 9 |  9.6
Fighting       | 4 5 6 8 9 10 | 10.5
Slings         | 1 |  1.9
Throwing       | 2 3 5 6 |  6.1
Stealth        | |  0.1
Evocations     | |  0.8

Action                   |  1- 3 |  4- 6 |  7- 9 | 10-12 || total
-------------------------+-------+-------+-------+-------++-------
Melee: War axe           |    82 |   130 |   200 |       ||   412
       Headbutt          |    13 |    17 |    85 |   113 ||   228
       Unarmed           |       |     2 |       |       ||     2
       Hand axe          |       |       |   207 |   499 ||   706
 Fire: Hunting sling     |     5 |       |       |       ||     5
       Greatsling        |       |       |     8 |       ||     8
       Blowgun           |       |       |    22 |    37 ||    59
Throw: Stone             |       |       |     1 |       ||     1
       Tomahawk          |       |       |     2 |    13 ||    15
Evoke: Wand              |       |       |       |     7 ||     7
  Use: Scroll            |     2 |     4 |    10 |     2 ||    18
       Potion            |       |       |     2 |    14 ||    16
  Eat: Chunk             |     1 |     4 |     7 |     5 ||    17
       Meat ration       |       |     1 |       |     1 ||     2
       Beef jerky        |       |       |     2 |       ||     2
       Bread ration      |       |       |     1 |     1 ||     2
       Pizza             |       |       |       |     1 ||     1
Armor: Scale mail        |    16 |       |       |       ||    16
       Plate armour      |    47 |    82 |   201 |   162 ||   492
       Skin              |       |     1 |       |     1 ||     2
Dodge: Dodged            |    22 |    23 |    58 |   118 ||   221
Block: Shield            |    45 |    66 |   237 |   380 ||   728
